 Dungeon Crawl Stone Soup version 0.24.0-37-gcf1ca852f1 (webtiles) character file.

Game seed: 17378866157567441189, levelgen mode: deterministic

42 Amplified the Skirmisher (level 3, 0/33 HPs)
             Began as a Hill Orc Transmuter on Nov 29, 2019.
             Slain by an adder (3 damage)
             ... on level 2 of the Dungeon.
             The game lasted 00:02:49 (2030 turns).

Amplified the Skirmisher (Hill Orc Transmuter)      Turns: 2030, Time: 00:02:50

Health: 0/33       AC:  2    Str: 12 (13) XL:     3   Next: 54%
Magic:  5/5        EV: 12    Int: 12 (13) God:
Gold:   86         SH:  0    Dex:  9 (11) Spells: 2/5 levels left

rFire    . . .     SeeInvis .   e - +0 whip
rCold    . . .     Gourm    .   (no shield)
rNeg     . . .     Faith    .   b - +0 robe
rPois    .         Spirit   .   (no helmet)
rElec    .         Reflect  .   (no cloak)
rCorr    .         Harm     .   (no gloves)
MR       .....                  (no boots)
Stlth    +.........             (no amulet)
HPRegen  0.11/turn              (no ring)
MPRegen  0.09/turn              (no ring)

@: lethally poisoned (0 -> -10), very slightly contaminated
A: no striking features
a: no special abilities


You were on level 2 of the Dungeon.
You were hungry.

You visited 1 branch of the dungeon, and saw 2 of its levels.

You collected 86 gold pieces.

Inventory:

Hand Weapons
 e - a +0 whip (weapon)
Missiles
 a - 12 arrows
 g - 68 stones
 i - 8 poisoned darts (quivered)
Armour
 b - a +0 robe (worn)
Scrolls
 f - a scroll of remove curse
 h - a scroll of identify
Potions
 c - a potion of degeneration
Comestibles
 d - 2 rations


   Skills:
 * Level 4.1 Fighting
 - Level 1.5 Dodging
 - Level 3.2 Unarmed Combat
 - Level 1.5 Spellcasting
 - Level 1.3 Transmutations


You had 2 spell levels left.
You knew the following spells:

 Your Spells              Type           Power        Failure   Level  Hunger
a - Beastly Appendage     Tmut           #.....       16%         1    ##.....
b - Sticks to Snakes      Tmut           #.......     24%         2    ###....

Your spell library contained the following spells:

 Spells                   Type           Power        Failure   Level  Hunger
 Spider Form              Tmut/Pois      #.........   54%         3    ####...
 Ice Form                 Ice/Tmut       #.......     91%         4    #####..
 Blade Hands              Tmut           #.........   99%         5    ######.


Dungeon Overview and Level Annotations

Branches:
Dungeon (2/15)

Altars:


Message History

You feel sick. The adder bites you.
* * * LOW HITPOINT WARNING * * *
Okay, then.
Throwing (i - inventory. (/) - cycle)
i - 10 poisoned darts (quivered)
Press: ? - help, Shift-Dir - straight line, f/p - adder
Aim: an adder (lightly wounded, poisoned)
You throw a poisoned dart. The poisoned dart hits the adder.
The adder looks even sicker.
The adder is lightly wounded.
* * * LOW HITPOINT WARNING * * *
You feel sick. The adder closely misses you.
Unknown command.
Throwing (i - inventory. (/) - cycle)
i - 9 poisoned darts (quivered)
Press: ? - help, Shift-Dir - straight line, f/p - adder
Aim: an adder (moderately wounded, poisoned)
You throw a poisoned dart.
The poisoned dart barely misses the adder.
* * * LOW HITPOINT WARNING * * *
You feel sick. The adder closely misses you. The adder bites you.
You die...

#.######..#.#
...#.# ##.#.#
#....# #.#.#
#....# #.#.#
#....# #...#
#....# ##..#
##....# #..#
########.....#
#..#
(.....S@.....#
#..#
########...#.#
##># #...#.#
#.# #...#.#
#.# ###.#.#
#.# #.#.# #.#
..#.# #.#
###.# #.# #.#
#.#


You could see an adder.

Vanquished Creatures
  An adder (D:2)
  An ooze (D:1)
  A dart slug (D:1)
  2 leopard geckos
  2 goblins (D:1)
  6 hobgoblins
  2 jackals (D:2)
  2 bats (D:1)
  2 frilled lizards
  2 kobolds
  2 rats
23 creatures vanquished.

Notes
Turn   | Place    | Note
-------+----------+-------------------------------------------
     0 | D:1      | Amplified the Hill Orc Transmuter began the quest for the
                  | Orb.
     0 | D:1      | Reached XP level 1. HP: 16/16 MP: 3/3
   321 | D:1      | Reached skill level 2 in Fighting
   524 | D:1      | Reached XP level 2. HP: 21/25 MP: 2/4
   665 | D:1      | Reached skill level 3 in Fighting
  1116 | D:1      | Reached XP level 3. HP: 24/31 MP: 3/5
  1299 | D:2      | Learned a level 2 spell: Sticks to Snakes
  1553 | D:2      | Reached skill level 4 in Fighting
  2030 | D:2      | Slain by an adder

Levels and vault maps discovered:
D:1:      dpeg_arrival_fog, layout_loops_ring
D:2:      layout_basic, first_ration, uniq_sigmund, uniq_robin

Skill      XL: |  1  2  3 |
---------------+----------+-----
Fighting       | 2 3 4 |  4.1
Dodging        | |  1.5
Unarmed Combat | |  3.2
Spellcasting   | |  1.5
Transmutations | |  1.3

Action                   || total
-------------------------++-------
Melee: Unarmed           ||    25
       Kick              ||     8
       Whip              ||    81
Throw: Dart              ||     6
 Cast: Beastly Appendage ||    17
  Use: Potion            ||     4
       Scroll            ||     1
  Eat: Ration            ||     1
Armor: Robe              ||    24
Dodge: Dodged            ||    67
